 Dungeon Crawl Stone Soup version 0.27-a0-416-gca2cecf3c0 (webtiles) character file.

Game seed: 15301849208441851547

136 Inglan the Digger (level 5, -3/28 HPs)
             Began as a Gargoyle Earth Elementalist on Feb 25, 2021.
             Slain by a black bear (11 damage)
             ... on level 4 of the Dungeon.
             The game lasted 01:14:53 (2970 turns).

Inglan the Digger (Gargoyle Earth Elementalist)     Turns: 2970, Time: 01:14:54

Health: -3/28      AC:  8    Str: 12    XL:     5   Next: 19%
Magic:  9/10       EV: 12    Int: 22    God:
Gold:   57         SH:  5    Dex: 10    Spells: 10/11 levels left

rFire    . . .     SeeInvis .   e - +0 hand axe (venom)
rCold    . . .     Faith    .   (no shield)
rNeg     + . .     Spirit   .   c - +0 robe
rPois    ∞         Reflect  +   (no helmet)
rElec    +         Harm     .   s - +1 cloak
rCorr    .         Rampage  .   (no gloves)
Will     .....                  (no boots)
Stlth    ++........             p - amulet of reflection
HPRegen  0.09/turn              v - +6 ring of intelligence
MPRegen  0.12/turn              (no ring)

@: no status effects
A: negative energy resistance 1, electricity resistance, unbreathing,
petrification resistance, miasma immunity, AC +4
a: no special abilities


You were on level 4 of the Dungeon.
You visited 1 branch of the dungeon, and saw 4 of its levels.

You collected 57 gold pieces.

Inventory:

Hand Weapons
 e - a +0 hand axe of venom (weapon)
Missiles
 b - 121 stones
Armour
 c - a +0 robe (worn)
 s - a +1 cloak (worn)
Jewellery
 a - an amulet of guardian spirit
 o - an amulet of faith
 p - an amulet of reflection (around neck)
 v - a +6 ring of intelligence (left hand)
Scrolls
 d - 2 scrolls of amnesia {unknown}
 g - 2 scrolls of blinking {unknown}
 k - 2 scrolls of magic mapping {unknown}
 l - 2 scrolls of noise {unknown}
 q - a scroll of enchant armour {unknown}
 r - a scroll of random uselessness {unknown}
 u - a scroll of identify {unknown}
Potions
 f - a potion of curing {unknown}
 h - a potion of ambrosia {unknown}
 i - 2 potions of cancellation {unknown}
 j - 3 potions of attraction {unknown}
 m - a potion of heal wounds {unknown}
 n - a potion of magic {unknown}
 t - 2 potions of degeneration {unknown}


   Skills:
 - Level 1.5 Dodging
 - Level 2.1 Stealth
 + Level 3.6 Spellcasting
 - Level 0.7 Transmutations
 + Level 5.5 Earth Magic


You had 10 spell levels left.
You knew the following spells:

 Your Spells              Type           Power        Failure   Level
a - Sandblast             Erth           56%          1%          1

Your spell library contained the following spells:

 Spells                   Type           Power        Failure   Level
 Passwall                 Tmut/Erth      14%          4%          2
 Stone Arrow              Conj/Erth      32%          11%         3
 Petrify                  Tmut/Erth      17%          32%         4
 Lee's Rapid Deconstruct  Erth           14%          32%         5
 Confusing Touch          Hex            4%           34%         3
 Gell's Gravitas          Tloc           2%           34%         3
 Yara's Violent Unravell  Hex/Tmut       2%           95%         5
 Metabolic Englaciation   Hex/Ice        2%           97%         5


Dungeon Overview and Level Annotations

Branches:
Dungeon (4/15)
 Temple: D:4-7

Altars:
Vehumet
Wu Jian

Shops:
D:4 :


Innate Abilities, Weirdness & Mutations

You are resistant to torment.
Your stone body is resilient. (AC +4)
You are immune to poison.
You resist negative energy. (rN+)
You are resistant to electric shocks. (rElec)
You can survive without breathing.
You are immune to petrification.
You are immune to miasma.


Message History

Aiming: Sandblast (safe; 1% risk of failure)
Press: ? - help, Shift-Dir - straight line, f - black bear
Aim: a black bear (14% to evade)
The blast of sand misses the black bear.
Casting: Sandblast (safe; 1% risk of failure)
Confirm with . or Enter, or press ? or * to list all spells.
Okay, then.
There is a stone staircase leading up here.
Casting: Sandblast (safe; 1% risk of failure)
Confirm with . or Enter, or press ? or * to list all spells.
Aiming: Sandblast (safe; 1% risk of failure)
Press: ? - help, Shift-Dir - straight line, f/p - black bear
Aim: a black bear (14% to evade)
The blast of sand hits the black bear.
The black bear is moderately wounded.
You hit the black bear.
The black bear is poisoned.
The black bear is moderately wounded.
The black bear bites you.
The black bear claws you but does no damage. x2
A giant cockroach comes into view.
There is an escape hatch in the ceiling here.
Casting: Sandblast (safe; 1% risk of failure)
Confirm with . or Enter, or press ? or * to list all spells.
Aiming: Sandblast (safe; 1% risk of failure)
Press: ? - help, Shift-Dir - straight line, f/p - black bear
Aim: a black bear (severely wounded, poisoned, 14% to evade)
The blast of sand misses the black bear.
The black bear looks more healthy.
The black bear goes berserk!
You hit the black bear.
The black bear is poisoned.
The black bear is severely wounded.
You block the black bear's attack.
The black bear claws you but does no damage.
The black bear claws you. The black bear closely misses you.
The black bear claws you. You block the black bear's attack.
The black bear bites you. The black bear claws you.
The black bear barely misses you. The black bear bites you.
The black bear claws you.
* * * LOW HITPOINT WARNING * * *
The black bear misses you. The black bear bites you!
You die...

#.# #####.. #.# #...#..
#.# #...#.. #.# #...###
#.#####....
####.......<##
###########......###....
.................# #...#
....(..@h........# #...#
......B..........# #....
.................# #...#
...........##...#......#
........>..##...#####..#
................# ####
..................
......##...##...### ...
#...# ##


You could see a black bear (berserk, very poisoned) and a giant cockroach.

Vanquished Creatures
  A hound skeleton (D:4)
  6 adders
  4 leopard geckos
  3 giant cockroaches
  13 goblins
  5 hobgoblins
  A jackal (D:1)
  8 kobolds
  2 quokkas (D:2)
  A ball python (D:2)
  10 bats
  6 frilled lizards
  4 rats
64 creatures vanquished.

Notes
Turn   | Place    | Note
-------+----------+-------------------------------------------
     0 | D:1      | Inglan the Gargoyle Earth Elementalist began the quest for
                  | the Orb.
     0 | D:1      | Reached XP level 1. HP: 10/10 MP: 3/3
   298 | D:1      | Reached skill level 4 in Earth Magic
   298 | D:1      | Reached XP level 2. HP: 4/15 MP: 0/5
   873 | D:1      | Reached XP level 3. HP: 17/19 MP: 6/6
  1286 | D:2      | Found an ornate altar of the Wu Jian Council.
  1410 | D:2      | Reached XP level 4. HP: 24/24 MP: 8/8
  1596 | D:2      | Reached skill level 5 in Earth Magic
  2189 | D:3      | Found a radiant altar of Vehumet.
  2334 | D:3      | Reached XP level 5. HP: 28/28 MP: 10/10
  2908 | D:4      | Found Jomix's Book Emporium.
  2935 | D:4      | Noticed a black bear
  2970 | D:4      | Slain by a black bear

Illustrated notes

Levels and vault maps discovered:
D:1:      scummos_arrival_gate, layout_rooms, minmay_close_crescents
D:2:      layout_basic, old_standard_altar
D:3:      layout_loops_ring, nicolae_overflow_hidden_temple, patterned_corridor
D:4:      layout_basic, minitemple, serial_shops, nicolae_shop_stone,
          kennysheep_generic_room_10

Skill      XL: |  1  2  3  4 |
---------------+-------------+-----
Earth Magic    | 4 5 |  5.5
Spellcasting   | 3 |  3.6
Dodging        | |  1.5
Stealth        | |  2.1
Transmutations | |  0.7

Action                   |  1- 3 |  4- 6 || total
-------------------------+-------+-------++-------
Melee: Unarmed           |    49 |       ||    49
       Hand axe          |    82 |    68 ||   150
 Cast: Sandblast         |    11 |     3 ||    14
 Stab: Sleeping          |     3 |     2 ||     5
Armor: Robe              |    50 |    24 ||    74
Dodge: Dodged            |   110 |    45 ||   155
Block: Other             |     2 |    24 ||    26
       Reflection        |       |     2 ||     2

Table legend: (Time is in decaauts)
 A = Elapsed time spent in this place.
 B = Non-inter-level travel time spent in this place.
 C = Inter-level travel time spent in this place.
 D = Time resting spent in this place.
 E = Time spent auto-exploring this place.
 F = Levels seen in this place.
 G = Mean time per level.
                   A        B        C        D        E       F      G
               +--------+--------+--------+--------+--------+-----+--------+
         Total |   3013 |   2654 |    359 |    358 |      0 |   4 |  753.2 |
       Dungeon |   3013 |   2654 |    359 |    358 |      0 |   4 |  753.2 |
               +--------+--------+--------+--------+--------+-----+--------+

Top non-repeatable levels by time:
     D:1: 1094 daAuts
     D:3: 945 daAuts
     D:2: 839 daAuts
     D:4: 133 daAuts
